[Event "Juniorallsvenskan 2019, Division 1 and 2"]
[Site "Molnlycke kulturhus, Biblioteksgatan 2, Molnlycke, Sweden"]
[Date "2019.11.24"]
[Round "4.19"]
[White "Dingertz, Erik"]
[Black "Elofsson, John"]
[Result "1-0"]
[TimeControl "90 minutes + 30 seconds per move from move one"]
[WhiteFideId "1741578"]
[BlackFideId "1761560"]
[WhiteElo "1892"]
[BlackElo "1334"]

1. c4 e5 2. Nc3 Nf6 3. g3 Nc6 4. Bg2 Bb4 5. d3 O-O 6. Bd2 Re8 7. Nf3 a5 8. O-O d6 9. a3 Bc5 10.
Na4 e4 11. dxe4 Nxe4 12. Nxc5 Nxc5 13. b4 Ne4 14. e3 Nxd2 15. Qxd2 Be6 16. Qc3 axb4 17. axb4 Qd7 18. b5 Rxa1 19. Rxa1 Ne7 20. Nd4 d5 21.
Nxe6 fxe6 22. Rd1 c6 23. e4 Rd8 24. bxc6 bxc6 25. Qd4 Qc7 26. cxd5 cxd5 27. Bh3 e5 28. Be6+ Kh8 29. Qd2 d4 30. h4 Rd6 31. Rc1 Qb6 32.
Bh3 Rc6 33. Ra1 Qb7 34. Qa5 Qc7 35. Qxc7 Rxc7 36. Ra8+ Ng8 37. Be6 h6 38. Rxg8+ Kh7 39. h5 Rc6 40. Bd5 Rd6 41. Rc8 Rb6 42.
Bg8+ Kh8 43. Bf7+ Kh7 44. Bg6+ Rxg6 45.
hxg6+ Kxg6 46. Kf1 1-0

[Event "Juniorallsvenskan 2019, Division 1 and 2"]
[Site "Molnlycke kulturhus, Biblioteksgatan 2, Molnlycke, Sweden"]
[Date "2019.11.24"]
[Round "4.20"]
[White "Saghatelyan, Frunze"]
[Black "Johansson-Ohman, Daniel"]
[Result "0-1"]
[TimeControl "90 minutes + 30 seconds per move from move one"]
[WhiteFideId "1752359"]
[BlackFideId "1736361"]
[WhiteElo "1110"]
[BlackElo "1810"]

1. d4 f5 2. g3 Nf6 3. Bg2 g6 4.
Nf3 Bg7 5. O-O O-O 6. c4 d6 7. Nc3 c6 8. d5 e5 9. dxe6 Bxe6 10. Qb3 Qb6 11. Be3 Qxb3 12. axb3 Na6 13. Rfd1 Rfd8 14.
Ng5 Bc8 15. Bf4 h6 16. Nf3 Ne8 17. Rd2 Nc5 18. Rad1 Nxb3 19. Rxd6 Nxd6 20. Rxd6 Rxd6 21. Bxd6 Be6 22. c5 Bf8 23.
e4 Nxc5 24. Bxf8 Kxf8 25. Nd4 Rd8 26. Nce2 Kf7 27. e5 Bd5 28. f4 Bxg2 29. Kxg2 Ne6 30. Nf3 Rd3 31. h3 Rb3 32. g4 Rxb2 33.
Kf1 fxg4 34. hxg4 a5 35. f5 gxf5 36. gxf5 Ng5 37. Nfd4 a4 38. e6+ Ke7 39. Nf4 a3 40. Nh5 Ne4 0-1

[Event "Juniorallsvenskan 2019, Division 1 and 2"]
[Site "Molnlycke kulturhus, Biblioteksgatan 2, Molnlycke, Sweden"]
[Date "2019.11.24"]
[Round "4.21"]
[White "Wernberg, Hugo"]
[Black "Johansson, Stina"]
[Result "1-0"]
[TimeControl "90 minutes + 30 seconds per move from move one"]
[WhiteFideId "1737511"]
[BlackFideId "1739026"]
[WhiteElo "2020"]
[BlackElo "1425"]

1. e4 e5 2. Nf3 Nc6 3. Bc4 Bc5 4. c3 Nf6 5. d4 exd4 6. cxd4 Bb4+ 7. Nc3 Nxe4 8. O-O Bxc3 9. d5 Na5 10.
Bd3 O-O 11. bxc3 Nf6 12. c4 b6 13. Bb2 Ba6 14. Qc2 h6 15. Kh1 d6 16. Qc3 c6 17. g4 cxd5 18. cxd5 Bxd3 19. Qxd3 Nxg4 20.
Qf5 Qc8 21. Qf4 Nc4 22. Rac1 b5 23. Bd4 Qd7 24. Rg1 Nce5 25. Nxe5 dxe5 26. Qxg4 Qxg4 27. Rxg4 exd4 28. Rxd4 Rad8 29.
Rc5 Rd6 30. Rxb5 Rfd8 31. Kg2 f5 32. Kf3 a6 33. Rc5 Kf7 34. Ke3 Kf6 35. h4 g5 36. hxg5+ Kxg5 37. Kf3 h5 38. Kg3 f4+ 39.
Kg2 Kg4 40. Ra5 R8d7 41. Rd1 Rd8 42. Rd4 R8d7 43. Raa4 Rxd5 44. Rxf4+ Kg5 45. Rf8 Ra7 46. Ra3 Kg6 47. Rg3+ Kh7 48.
Rgf3 Rg7+ 49. Kh2 Ra5 50. a3 Rag5 51. R3f5 Rg2+ 52. Kh3 R2g5 53. a4 R7g6 54. R5f7+ Rg7 55. Rf5 R7g6 56. R8f7+ Kh6 57.
Rxg5 Kxg5 58. f4+ Kh6 59. Rf5 Rg4 60. Rf8 Kg7 61. Rf5 Kg6 62. Ra5 Rxf4 63. Rxa6+ Kg5 64. Ra8 Rh4+ 65. Kg3 Rg4+ 66.
Kf3 Rf4+ 67. Ke3 Rg4 68. Rg8+ Kh4 69. Rxg4+ hxg4 70. Kf2 g3+ 71. Kg1 Kg4 72. a5 Kf4 73. a6 Kf3 74. a7 Kf4 75.
a8=Q Kg4 76. Kg2 Kf4 77. Qe8 Kf5 78. Kxg3 Kf6 79. Kf4 Kg7 80. Qc6 Kf7 81. Kf5 Ke7 82. Qc7+ Ke8 83. Kf6 Kf8 84.
Qb8# 1-0

[Event "Juniorallsvenskan 2019, Division 1 and 2"]
[Site "Molnlycke kulturhus, Biblioteksgatan 2, Molnlycke, Sweden"]
[Date "2019.11.24"]
[Round "4.22"]
[White "Nystedt, Ludvig"]
[Black "Ostlund, Joar"]
[Result "0-1"]
[TimeControl "90 minutes + 30 seconds per move from move one"]
[WhiteFideId "1759540"]
[BlackFideId "1735020"]
[WhiteElo "1322"]
[BlackElo "1955"]

1. d4 Nf6 2. c4 e6 3. Nc3 Bb4 4. Bd2 O-O 5. Nf3 d5 6. e3 b6 7. Bd3 Bb7 8. O-O Nbd7 9. cxd5 exd5 10.
Re1 Re8 11. a3 Bf8 12. Bc1 Ne4 13. Nd2 Ndf6 14. Ndxe4 Nxe4 15. Nxe4 dxe4 16. Bc4 Qh4 17. Qb3 Qh5 18. Bd2 Rad8 19.
Rac1 Bd6 20. h3 Bc8 21. Bb4 Re7 22. Bxd6 Rxd6 23. Qb4 Bxh3 24. gxh3 Qxh3 0-1

[Event "Juniorallsvenskan 2019, Division 1 and 2"]
[Site "Molnlycke kulturhus, Biblioteksgatan 2, Molnlycke, Sweden"]
[Date "2019.11.24"]
[Round "5.1"]
[White "Troberg Eskola, Love"]
[Black "Sorensen, Hampus"]
[Result "0-1"]
[TimeControl "90 minutes + 30 seconds per move from move one"]
[BlackTitle "FM"]
[WhiteFideId "1724185"]
[BlackFideId "8703884"]
[WhiteElo "2096"]
[BlackElo "2365"]

1. Nf3 d5 2. c4 c6 3. g3 Nf6 4.
Bg2 Bf5 5. Qb3 Qb6 6. Qxb6 axb6 7. cxd5 Nxd5 8. Nc3 Nxc3 9. dxc3 Be4 10. Nh4 Bxg2 11. Nxg2 e6 12. a3 Be7 13. Be3 Nd7 14.
Rd1 Rd8 15. Bf4 b5 16. Rd3 Rc8 17. O-O Nc5 18. Rdd1 Na4 19. Bc1 Rd8 20. Rxd8+ Kxd8 21. Rd1+ Kc7 22. Kf1 c5 23. Ne1 Bf6 24.
Nc2 h5 25. h3 Rd8 26. Rxd8 Bxd8 27. f3 Kc6 28. Kf2 Be7 29. g4 hxg4 30. hxg4 Kd5 31. Ne3+ Kc6 32. Nc2 b4 33. cxb4 cxb4 34.
axb4 Kb5 35. b3 Nc3 36. Bb2 Nd1+ 37. Ke1 Nxb2 38. Kd2 Bg5+ 39. e3 Bf6 40. Ke2 Bc3 41. f4 f5 42. gxf5 exf5 43.
e4 fxe4 44. Ke3 Nd3 45. Kxe4 Nxb4 46. Ne3 Kc5 47. Nc4 Nc6 48. Kd3 Bf6 49. Ke4 Nd4 50. Na5 b6 51. Nb7+ Kc6 52. Nd8+ Bxd8 53.
Kxd4 Kb5 0-1

[Event "Juniorallsvenskan 2019, Division 1 and 2"]
[Site "Molnlycke kulturhus, Biblioteksgatan 2, Molnlycke, Sweden"]
[Date "2019.11.24"]
[Round "5.2"]
[White "Berglind, Axel"]
[Black "Torngren, Gustav"]
[Result "1/2-1/2"]
[TimeControl "90 minutes + 30 seconds per move from move one"]
[BlackTitle "CM"]
[WhiteFideId "1720228"]
[BlackFideId "1728970"]
[WhiteElo "2062"]
[BlackElo "2247"]

1. d4 e6 2. Nf3 d5 3. g3 Nf6 4. Bg2 Bd6 5. O-O O-O 6. c4 c6 7. Qc2 b6 8. Nbd2 Bb7 9. e4 dxe4 10.
Nxe4 Nxe4 11. Qxe4 Nd7 12. Ne5 Rc8 13. Rd1 Nf6 14. Qe2 Qe7 15. Bg5 Rfd8 16. Ng4 h6 17. Nxf6+ Kh8 18. Ne4 hxg5 19.
Qh5+ Kg8 20. Nxg5 Qf6 21. Qh7+ Kf8 22. Ne4 Qh6 23. Qxh6 gxh6 24. Nxd6 Rxd6 25. c5 Rd7 26. cxb6 axb6 27.
Rac1 Rd6 28. Rc3 Rc7 29. Rdc1 Rxd4 30. Bxc6 Bxc6 31. Rxc6 Rd1+ 32. Rxd1 Rxc6 33. Rd4 Ke7 34. Kg2 b5 35.
Kf3 f5 36. Rh4 e5 37. Rb4 Rc5 38. a4 bxa4 39. Rxa4 Rb5 40. b4 Kf6 41. Ra6+ Kg7 42. Ra4 Kg6 43. Ke3 Kg5 44. h3 Rb8 45.
Kd3 f4 46. Kc4 fxg3 47. fxg3 Kf5 48. Ra6 Rc8+ 49. Kd3 e4+ 50. Kd2 Rd8+ 51. Ke2 Rb8 52. Rxh6 Rxb4 53. Rh5+ Kg6 54. Ra5 Rb3 55.
Kf2 Rf3+ 56. Kg2 Rb3 57. Re5 Rb2+ 58. Kf1 Rb4 59. h4 Kf6 60. Re8 Kf5 61. Kg2 Rb2+ 62. Kh3 Rb1 63. Rf8+ Ke5 64.
Kg4 e3 65. h5 Rh1 66. Re8+ Kd4 67. Kg5 Kd3 68. h6 e2 69. g4 e1=Q 70. Rxe1 Rxe1 71. Kf6 Rh1 72. g5 Ke4 73. Kg7 Kf5 74.
h7 Rxh7+ 75. Kxh7 Kxg5 1/2-1/2

[Event "Juniorallsvenskan 2019, Division 1 and 2"]
[Site "Molnlycke kulturhus, Biblioteksgatan 2, Molnlycke, Sweden"]
[Date "2019.11.24"]
[Round "5.3"]
[White "Olsson, William"]
[Black "Crevatin, Leo"]
[Result "0-1"]
[TimeControl "90 minutes + 30 seconds per move from move one"]
[BlackTitle "CM"]
[WhiteFideId "1741721"]
[BlackFideId "1726307"]
[WhiteElo "2035"]
[BlackElo "2231"]

1. Nf3 d5 2. d4 Nf6 3. c4 c6 4. Nc3 e6 5. e3 Nbd7 6. Bd3 dxc4 7. Bxc4 b5 8. Bd3 Bd6 9. a3 a5 10.
e4 e5 11. Qe2 O-O 12. d5 cxd5 13. Nxb5 Bc5 14. Bg5 dxe4 15. Bxe4 Rb8 16. Nc3 Qb6 17. Na4 Bxf2+ 18. Kf1 Ba6 19.
Nxb6 Bxe2+ 20. Kxe2 Rxb6 21. Bxh7+ Nxh7 22. Kxf2 Nxg5 23. Nxg5 Rxb2+ 24. Kg3 Rb3+ 25. Kf2 f6 26. Ne4 Rc8 27.
Ra2 Nc5 28. Nxc5 Rxc5 29. Rd1 Kh7 30. Rd8 Rcc3 31. Ra8 Rc5 32. Ra7 Kg6 33. h3 e4 34. a4 e3+ 35. Kg1 Re5 36. Kf1 Rb1+ 37.
Ke2 Rg1 38. Kd3 Re1 39. Rc2 e2 0-1

[Event "Juniorallsvenskan 2019, Division 1 and 2"]
[Site "Molnlycke kulturhus, Biblioteksgatan 2, Molnlycke, Sweden"]
[Date "2019.11.24"]
[Round "5.4"]
[White "Narva, David"]
[Black "Aira, Leonardo"]
[Result "1-0"]
[TimeControl "90 minutes + 30 seconds per move from move one"]
[WhiteFideId "24128856"]
[BlackFideId "1721097"]
[WhiteElo "1979"]
[BlackElo "1955"]

1. d4 e6 2. Nf3 d5 3. e3 Be7 4. Bd3 Nf6 5. Nbd2 c5 6. b3 Nc6 7. Bb2 Qa5 8. dxc5 Qxc5 9. a3 a5 10.
O-O O-O 11. Qe2 Ne8 12. b4 Qb6 13. b5 e5 14. bxc6 Qxb2 15. cxb7 Qxb7 16. Nxe5 Bf6 17. Rab1 Qc7 18. Nef3 Nd6 19.
e4 Re8 20. e5 Nc4 21. Nxc4 dxc4 22. Bxc4 Bxe5 23. Nxe5 Rxe5 24. Bxf7+ Kh8 25. Qf3 Ra6 26. Ba2 Rf6 27. Qb3 Rf8 28.
Rbe1 Rh5 29. h3 Qc6 30. Qg3 Ba6 31. Re7 Qf6 32. Re6 Qf7 33. Rfe1 Bc8 34. Re8 Rxe8 35. Bxf7 Rxe1+ 36. Kh2 Rhe5 37.
Qc3 Be6 38. Bxe6 Rxe6 39. Qxa5 h6 40. c4 R1e2 41. Qd5 Re7 42. c5 R2e5 43. Qd4 Re4 44. Qd3 R4e6 45. c6 Re8 46. c7 Rc8 47.
Qd7 Ree8 48. a4 Kg8 49. a5 Rf8 50. a6 Rfe8 51. a7 Ra8 52. Qc6 Rf8 53. Kg3 Kh8 54. Kg4 Rfc8 55. Qd5 Rf8 56.
Qb7 Kh7 57. f4 Kh8 58. f5 Rg8 59. Kh5 Rgf8 60. f6 gxf6 61. c8=Q Raxc8 62. Kxh6 1-0

[Event "Juniorallsvenskan 2019, Division 1 and 2"]
[Site "Molnlycke kulturhus, Biblioteksgatan 2, Molnlycke, Sweden"]
[Date "2019.11.24"]
[Round "5.5"]
[White "Rasti, Arvin"]
[Black "Nilsson, Joakim"]
[Result "1/2-1/2"]
[TimeControl "90 minutes + 30 seconds per move from move one"]
[BlackTitle "FM"]
[WhiteFideId "1741160"]
[BlackFideId "1723383"]
[WhiteElo "2206"]
[BlackElo "2288"]

1. Nf3 e6 2. g3 d5 3. Bg2 Nf6 4. c4 Be7 5. O-O O-O 6. b3 c5 7. e3 Nc6 8. d4 cxd4 9. exd4 b6 10.
Bb2 Ba6 11. Nbd2 Rc8 12. Rc1 Re8 13. Re1 Bf8 14. Ne5 Bb7 15. Ndf3 Ne4 16. Nxc6 1/2-1/2

[Event "Juniorallsvenskan 2019, Division 1 and 2"]
[Site "Molnlycke kulturhus, Biblioteksgatan 2, Molnlycke, Sweden"]
[Date "2019.11.24"]
[Round "5.6"]
[White "Mitra, Akash"]
[Black "Storme, Isak"]
[Result "0-1"]
[TimeControl "90 minutes + 30 seconds per move from move one"]
[BlackTitle "FM"]
[WhiteFideId "1726714"]
[BlackFideId "1728113"]
[WhiteElo "1975"]
[BlackElo "2229"]

1. d4 d5 2. Bf4 c5 3. e3 cxd4 4. exd4 Nc6 5. c3 f6 6. Bd3 e5 7. dxe5 fxe5 8. Qh5+ g6 9. Bxg6+ hxg6 10.
Qxh8 exf4 11. Qxg8 Qe7+ 12. Kd2 Bf5 13. Nf3 O-O-O 14. Re1 Qf6 15. Qh7 d4 16. Kc1 dxc3 17. Nxc3 Qxc3+ 18. bxc3 Ba3# 0-1

[Event "Juniorallsvenskan 2019, Division 1 and 2"]
[Site "Molnlycke kulturhus, Biblioteksgatan 2, Molnlycke, Sweden"]
[Date "2019.11.24"]
[Round "5.7"]
[White "Strom-Engdahl, Alexander"]
[Black "Sundin, Emanuel"]
[Result "1-0"]
[TimeControl "90 minutes + 30 seconds per move from move one"]
[WhiteFideId "1741586"]
[BlackFideId "1719173"]
[WhiteElo "1940"]
[BlackElo "2093"]

1. c4 g6 2. g3 Bg7 3. Bg2 e5 4. Nc3 d6 5. d3 f5 6. e3 Nf6 7. b4 a5 8. b5 O-O 9. Nge2 c6 10.
a4 Be6 11. Ba3 g5 12. h4 gxh4 13. Rxh4 Ng4 14. Bf3 Bf6 15. Rh1 Rf7 16. Rb1 Rg7 17. bxc6 Nxc6 18. Nd5 Rc8 19. Bxg4 fxg4 20.
Nec3 Rg6 21. Rxb7 Bg5 22. Rbxh7 1-0

[Event "Juniorallsvenskan 2019, Division 1 and 2"]
[Site "Molnlycke kulturhus, Biblioteksgatan 2, Molnlycke, Sweden"]
[Date "2019.11.24"]
[Round "5.8"]
[White "Hall, Alexander"]
[Black "Lindholm, Gustav"]
[Result "1/2-1/2"]
[TimeControl "90 minutes + 30 seconds per move from move one"]
[WhiteFideId "1738933"]
[BlackFideId "1736515"]
[WhiteElo "1887"]
[BlackElo "1922"]

1. d4 d5 2. c4 c6 3. Nf3 Nf6 4. Qc2 e6 5. Nc3 Bd6 6. Bg5 Nbd7 7. e3 O-O 8. b3 Qa5 9. c5 Ne4 10.
Rc1 Nxc3 11. Qxc3 Qxc3+ 12. Rxc3 Bc7 13. b4 f6 14. Bh4 e5 15. a4 a6 16. Be2 Re8 17. O-O Nf8 18. Bg3 Bg4 19.
Rc2 Ng6 20. h3 Bd7 21. Rb2 Bb8 22. Rd1 f5 23. dxe5 Nxe5 24. Nxe5 Bxe5 25. Bxe5 Rxe5 26. b5 axb5 27. axb5 Ra5 28.
Bf3 Kf7 29. bxc6 Bxc6 30. Rc1 Kf6 31. Kh2 g5 32. g4 Ra4 33. gxf5 Rxf5 34. Bg4 Re5 35. Bc8 Re7 36. Rcb1 Ra7 37.
Kg3 h5 38. h4 g4 39. Rb4 Re4 40. Rxe4 dxe4 41. Kf4 Ra2 42. Kg3 Ra7 43. Kf4 Ra2 44. Kg3 Ra7 45. Kf4 Ra2 46. Kxe4 Ke5+ 47. Rd1+ Ra7+ 1/2-1/2

[Event "Juniorallsvenskan 2019, Division 1 and 2"]
[Site "Molnlycke kulturhus, Biblioteksgatan 2, Molnlycke, Sweden"]
[Date "2019.11.24"]
[Round "5.9"]
[White "Jogstad, Martin"]
[Black "Pantzar, Milton"]
[Result "0-1"]
[TimeControl "90 minutes + 30 seconds per move from move one"]
[WhiteTitle "FM"]
[BlackTitle "FM"]
[WhiteFideId "1715364"]
[BlackFideId "1721003"]
[WhiteElo "2305"]
[BlackElo "2406"]

1. d4 d5 2. c4 c6 3. cxd5 cxd5 4. Bf4 Nf6 5. Nc3 Nc6 6. e3 a6 7. Be2 Bf5 8. Rc1 e6 9. Nf3 Bd6 10.
Bxd6 Qxd6 11. Qb3 O-O 12. O-O b5 13. a4 Na5 14. Qa2 b4 15. Nb1 Ne4 16. Nbd2 Nxd2 17. Nxd2 Rfc8 18. Nb3 Nxb3 19.
Qxb3 a5 20. Bd3 Bg6 21. Bxg6 hxg6 22. Rc2 Rc7 23. Rfc1 Rac8 24. Qd3 Rxc2 25. Rxc2 Rc6 26. g3 Qc7 27. Rxc6 Qxc6 28. Qb5 Qc1+ 29.
Kg2 Qxb2 30. Qxa5 Kh7 31. Qd8 f6 32. a5 Qc2 33. a6 Qe4+ 34. f3 Qc2+ 35. Kh3 Qf5+ 36. Kg2 Qc2+ 37. Kh3 Qe2 38.
a7 Qxf3 39. e4 dxe4 40. Qa5 Qf1+ 41. Kh4 g5+ 42. Kg4 f5+ 43. Kh5 Qh3+ 44. Kxg5 Qh6# 0-1

[Event "Juniorallsvenskan 2019, Division 1 and 2"]
[Site "Molnlycke kulturhus, Biblioteksgatan 2, Molnlycke, Sweden"]
[Date "2019.11.24"]
[Round "5.10"]
[White "Petersson, Baldur Teodor"]
[Black "Bensryd, Hampus"]
[Result "1-0"]
[TimeControl "90 minutes + 30 seconds per move from move one"]
[WhiteTitle "CM"]
[WhiteFideId "2309157"]
[BlackFideId "1738330"]
[WhiteElo "2216"]
[BlackElo "1977"]

1. e4 e5 2. Nf3 Nc6 3. Nc3 Nf6 4. Be2 Bb4 5. Nd5 Ba5 6. Nxf6+ Qxf6 7. O-O O-O 8. c3 Bb6 9. d3 h6 10.
b4 d6 11. a4 a6 12. Be3 Bxe3 13. fxe3 Qg6 14. Qd2 Ne7 15. Rf2 Be6 16. Raf1 f5 17. exf5 Nxf5 18. e4 Ne7 19. Nh4 Qh7 20.
Qd1 g5 21. Bg4 Bf7 22. Rxf7 Rxf7 23. Be6 Raf8 24. Nf5 Kh8 25. Bxf7 Rxf7 26. Qh5 Nxf5 27. exf5 Qg7 28. Qf3 c6 29.
g4 Rf6 30. b5 axb5 31. axb5 Qc7 32. Rb1 Qb6+ 33. Qf2 Qxf2+ 34. Kxf2 Rf7 35. bxc6 bxc6 36. Rb8+ Kg7 37. Rc8 c5 38.
Kf3 Ra7 39. Ke4 Ra4+ 40. c4 Ra2 41. Kd5 Rxh2 42. Ke6 Rf2 43. Rc7+ Kg8 44. f6 Rf4 45. Rc8+ Kh7 46. f7 1-0

[Event "Juniorallsvenskan 2019, Division 1 and 2"]
[Site "Molnlycke kulturhus, Biblioteksgatan 2, Molnlycke, Sweden"]
[Date "2019.11.24"]
[Round "5.11"]
[White "Ulles, Jean-Clement"]
[Black "Carlsson, Ludvig"]
[Result "1/2-1/2"]
[TimeControl "90 minutes + 30 seconds per move from move one"]
[BlackTitle "CM"]
[WhiteFideId "26007029"]
[BlackFideId "1727010"]
[WhiteElo "1943"]
[BlackElo "2146"]

1. e4 b6 2. d4 Bb7 3. Bd3 e6 4. Nf3 Nf6 5. Qe2 d5 6. e5 Nfd7 7. Bg5 Be7 8. Bxe7 Qxe7 9. c3 c5 10.
O-O Nc6 11. a3 g5 12. Qe3 g4 13. Ne1 h5 14. Nd2 O-O-O 15. Bb5 Kb8 16. Nc2 Rc8 17. Rfc1 h4 18. Bxc6 Bxc6 19. c4 g3 20. fxg3 hxg3 21. h3 dxc4 22. Nxc4 Qh4 23. Qd2 Rh5 24.
Nd6 Rch8 25. Nb4 Be4 26. Na6+ Ka8 27. dxc5 Nxe5 28. Nc7+ Kb8 29. Na6+ Ka8 30. Nc7+ Kb8 31. Na6+ 1/2-1/2

[Event "Juniorallsvenskan 2019, Division 1 and 2"]
[Site "Molnlycke kulturhus, Biblioteksgatan 2, Molnlycke, Sweden"]
[Date "2019.11.24"]
[Round "5.12"]
[White "Emmoth, Alfons"]
[Black "Nord, Alexander"]
[Result "1/2-1/2"]
[TimeControl "90 minutes + 30 seconds per move from move one"]
[WhiteFideId "1718266"]
[BlackFideId "1738135"]
[WhiteElo "2066"]
[BlackElo "1845"]

1. d4 e6 2. c4 Nf6 3. Nc3 Bb4 4. Qc2 Nc6 5. Nf3 d6 6. Bd2 O-O 7. a3 Bxc3 8. Bxc3 Qe7 9. e3 e5 10.
d5 Nb8 11. Nd2 c6 12. e4 cxd5 13. cxd5 Nh5 14. g3 f5 15. exf5 Bxf5 16. Bd3 Bxd3 17. Qxd3 Nd7 18. Ne4 Rac8 19.
Bb4 Nc5 20. Nxc5 dxc5 21. Bc3 Nf6 22. Qc4 Qf7 23. O-O 1/2-1/2

[Event "Juniorallsvenskan 2019, Division 1 and 2"]
[Site "Molnlycke kulturhus, Biblioteksgatan 2, Molnlycke, Sweden"]
[Date "2019.11.24"]
[Round "5.13"]
[White "Johansson, Stina"]
[Black "Ytterberg, Felix"]
[Result "0-1"]
[TimeControl "90 minutes + 30 seconds per move from move one"]
[WhiteFideId "1739026"]
[BlackFideId "1740687"]
[WhiteElo "1425"]
[BlackElo "2005"]

1. e4 e5 2. Bc4 Bc5 3. Nf3 Nc6 4.
b3 Nf6 5. Nc3 d6 6. h3 h6 7. O-O Rg8 8. Re1 g5 9. d3 g4 10. hxg4 Bxg4 11. Be3 Bd4 12. Bxd4 Nxd4 13. Re3 Nh5 14.
Nd5 c6 15. Nb4 Nf4 16. c3 Nxg2 17. Qf1 Bxf3 18. Rxf3 Nxf3+ 19. Kh1 Qh4# 0-1

[Event "Juniorallsvenskan 2019, Division 1 and 2"]
[Site "Molnlycke kulturhus, Biblioteksgatan 2, Molnlycke, Sweden"]
[Date "2019.11.24"]
[Round "5.14"]
[White "Ivarsson, Sebastian"]
[Black "Nystedt, Ludvig"]
[Result "1-0"]
[TimeControl "90 minutes + 30 seconds per move from move one"]
[WhiteFideId "1738593"]
[BlackFideId "1759540"]
[WhiteElo "1969"]
[BlackElo "1322"]

1. d4 d5 2. c4 c6 3. Nf3 Nf6 4. Nc3 Nbd7 5. Bg5 e6 6. e3 Bd6 7. Rc1 O-O 8. Bd3 dxc4 9. Bxc4 b5 10.
Bd3 Bb7 11. O-O a6 12. Qe2 h6 13. Bh4 c5 14. Ne4 Bxe4 15. Bxe4 Rc8 16. Bb7 Rb8 17. Bc6 Qb6 18. Bxd7 Nxd7 19.
dxc5 Nxc5 20. Nd4 g5 21. Bg3 Rbc8 22. f4 Ne4 23. fxg5 hxg5 24. Qg4 f5 25. Qh5 Rxc1 26. Rxc1 Bxg3 27. hxg3 Kg7 28. Rc6 Qa7 29.
Nxe6+ Kg8 30. Qg6+ Kh8 31. Qh6+ 1-0

[Event "Juniorallsvenskan 2019, Division 1 and 2"]
[Site "Molnlycke kulturhus, Biblioteksgatan 2, Molnlycke, Sweden"]
[Date "2019.11.24"]
[Round "5.15"]
[White "Johansson, Sigge"]
[Black "Dingertz, Erik"]
[Result "0-1"]
[TimeControl "90 minutes + 30 seconds per move from move one"]
[WhiteFideId "1742612"]
[BlackFideId "1741578"]
[WhiteElo "1245"]
[BlackElo "1892"]

1. e4 e5 2. Nf3 Nc6 3. Bc4 Bc5 4. O-O Nf6 5. d3 d6 6. h3 a6 7. Bg5 h6 8. Bh4 g5 9. Bg3 g4 10.
hxg4 Bxg4 11. Bh4 Rg8 12. c3 Rg6 13. Nbd2 Qd7 14. Qe1 O-O-O 15. b4 Rdg8 16. bxc5 Bxf3 17. g3 Bg4 18. cxd6 Bh3 19.
dxc7 Bxf1 20. Qxf1 Nh5 21. Kh2 Nf4 22. gxf4 Rg2+ 23. Qxg2 Rxg2+ 24. Kxg2 Qg4+ 25. Bg3 exf4 26. Rf1 Ne5 27.
Re1 b5 28. Bd5 Nxd3 29. Rf1 fxg3 30. f3 Nf4+ 31. Kg1 Qh3 0-1

[Event "Juniorallsvenskan 2019, Division 1 and 2"]
[Site "Molnlycke kulturhus, Biblioteksgatan 2, Molnlycke, Sweden"]
[Date "2019.11.24"]
[Round "5.16"]
[White "Johansson-Ohman, Daniel"]
[Black "Lyngsjo, Luke"]
[Result "1-0"]
[TimeControl "90 minutes + 30 seconds per move from move one"]
[WhiteFideId "1736361"]
[BlackFideId "1755811"]
[WhiteElo "1810"]
[BlackElo "1211"]

1. c4 Nf6 2. Nf3 d6 3. g3 g6 4. Bg2 Bg7 5. Nc3 O-O 6. O-O c5 7. e3 Bf5 8. d4 Nc6 9. Nh4 Bd7 10.
a3 Qc8 11. Rb1 Bh3 12. Nf3 Bxg2 13. Kxg2 Nd7 14. Ne4 b6 15. b4 cxb4 16. axb4 Qb7 17. Qd3 Rac8 18. Ba3 Rc7 19. c5 d5 20.
Nc3 Nf6 21. b5 Na5 22. c6 Qa8 23. Ne5 Rfc8 24. Rfc1 e6 25. Bd6 1-0

[Event "Juniorallsvenskan 2019, Division 1 and 2"]
[Site "Molnlycke kulturhus, Biblioteksgatan 2, Molnlycke, Sweden"]
[Date "2019.11.24"]
[Round "5.17"]
[White "Tornberg, Carlos"]
[Black "Wernberg, Hugo"]
[Result "1-0"]
[TimeControl "90 minutes + 30 seconds per move from move one"]
[WhiteFideId "1733478"]
[BlackFideId "1737511"]
[WhiteElo "1884"]
[BlackElo "2020"]

1. e4 c5 2. c3 g6 3. d4 cxd4 4. cxd4 d5 5. exd5 Nf6 6. Bb5+ Nbd7 7. Nc3 Bg7 8. d6 exd6 9. Qe2+ Qe7 10.
Bf4 Qxe2+ 11. Bxe2 O-O 12. Bxd6 Rd8 13. Rd1 Nf8 14. Be5 Be6 15. Bf3 Nd5 16. Bxg7 Nxc3 17. Bxf8 Nxd1 18. Ba3 Rxd4 19.
Bxd1 Re8 20. Be2 Bc4 21. Bc5 Rde4 22. Be3 f5 23. g3 g5 24. Bxc4+ Rxc4 25. Ne2 f4 26. gxf4 gxf4 27. Rg1+ Kf7 28.
Rg4 Ree4 29. Rxf4+ Rxf4 30. Nxf4 a6 31. Kd2 Rc8 32. Kd3 Kf6 33. Kd4 Kf5 34. Kd3 b5 35. Ne2 Kg4 36. Nd4 Kh3 37.
Bf4 Kg2 38. Bg3 h5 39. f4 Rh8 40. f5 h4 41. Be5 Re8 42. f6 h3 43. Ke4 b4 44. Kf5 Rf8 45. Ne6 Rf7 46. Kg6 Rd7 47.
f7 Re7 48. Kf6 Rxf7+ 49. Kxf7 a5 50. b3 Kf3 51. Bc7 Kg2 52. Ng5 a4 53. bxa4 b3 54. axb3 Kh1 55. a5 1-0

[Event "Juniorallsvenskan 2019, Division 1 and 2"]
[Site "Molnlycke kulturhus, Biblioteksgatan 2, Molnlycke, Sweden"]
[Date "2019.11.24"]
[Round "5.18"]
[White "Ostlund, Joar"]
[Black "Morling, Joakim"]
[Result "1-0"]
[TimeControl "90 minutes + 30 seconds per move from move one"]
[WhiteFideId "1735020"]
[BlackFideId "1715933"]
[WhiteElo "1955"]
[BlackElo "2090"]

1. d4 d5 2. c4 Nc6 3. e3 e5 4. dxe5 Bb4+ 5. Bd2 d4 6. Bxb4 Nxb4 7. exd4 Qxd4 8. Qxd4 Nc2+ 9. Kd2 Nxd4 10.
Bd3 Ne7 11. f4 Bd7 12. Ne2 Nxe2 13. Kxe2 Bc6 14. Rg1 O-O-O 15. Nc3 Rd4 16. Ke3 Rdd8 17. Rad1 Rde8 18. g4 h5 19. gxh5 Rxh5 20.
Rxg7 Rh3+ 21. Kd2 Bf3 22. Ne2 Rd8 23. Rg3 Rxg3 24. hxg3 Nf5 25. Ke1 Nxg3 26. Kf2 Be4 27. Nxg3 Bxd3 28.
c5 b6 29. cxb6 axb6 30. Ke3 Rg8 31. Rxd3 Rxg3+ 32. Ke4 Rg2 33. Kf5 Rxb2 34. Kf6 c5 35. Re3 Rf2 36. Re4 Rxa2 37. Kxf7 Ra7+ 38.
Kf8 Kd7 39. f5 Kc6 40. e6 Kd5 41. Re1 Ra8+ 42. Kf7 b5 43. e7 c4 44. e8=Q Rxe8 45. Kxe8 1-0

[Event "Juniorallsvenskan 2019, Division 1 and 2"]
[Site "Molnlycke kulturhus, Biblioteksgatan 2, Molnlycke, Sweden"]
[Date "2019.11.24"]
[Round "5.19"]
[White "Ostenfeld, Valentin"]
[Black "Rosenthal, Emanuel"]
[Result "1-0"]
[TimeControl "90 minutes + 30 seconds per move from move one"]
[WhiteFideId "1759183"]
[BlackFideId "1738852"]
[WhiteElo "1856"]
[BlackElo "1703"]

1. d4 Nf6 2. c4 d6 3. Nc3 g6 4. e4 Bg7 5. Nf3 O-O 6. Be2 e5 7. dxe5 dxe5 8. O-O Nh5 9. Bg5 f6 10.
Be3 Be6 11. Ne1 Nf4 12. Bxf4 exf4 13. Qxd8 Rxd8 14. Nd5 Bxd5 15. cxd5 Re8 16. Bf3 a5 17. Nd3 g5 18. Nc5 b6 19.
Ne6 Re7 20. Rac1 Na6 21. Be2 Nc5 22. Nxc5 bxc5 23. Bd3 g4 24. Rxc5 g3 25. hxg3 fxg3 26. f4 f5 27. e5 Rb8 28.
b3 Bh6 29. Rc6 Bf8 30. Rf3 Rg7 31. Bxf5 Rb5 32. Bd3 Rb4 33. Bc4 Kh8 34. d6 cxd6 35. Rc8 Rxc4 36. Rxf8+ 1-0